AoeStats
← Chaac1706

Glade

510643637Analyzed
1v1 RM · 10h ago on Oct 1, 2026· 45m 5s· 2 players
Game mode
Random Map
Map size
Tiny (2 player)
Population
200
Speed
Normal
Resources
Standard
Victory
Conquest
Starting age
Dark Age
Ending age
Imperial Age
RankedLock teamsTeams togetherTeam positionsShared explorationLock speedFull tech treeHidden civsTurbo modeCheats
Victory
Defeat
🇨🇴 Muisca · Colombia
1124
+16
🇨🇷 Sicilians · Costa Rica
1133
-16
Chaac1706
5:32 Loom
10:09 Feudal Age
26:19 Wheelbarrow
29:18 Castle Age
28:19 Double-Bit Axe
28:28 Gold Mining
28:21 Horse Collar
29:28 Fletching
29:44 Town Watch
30:13 Padded Archer Armor
41:34 Bow Saw
42:24 Bodkin Arrow
44:13 Leather Archer Armor
El_PeteRete
6:34 Loom
8:54 Feudal Age
22:36 Double-Bit Axe
28:44 Castle Age
27:32 Fletching
37:28 Husbandry
37:38 Bloodlines
39:54 Scale Barding Armor
Connection lost

Rejoining the realm…

Still unreachable

The connection could not be restored.

Session expired

The server has moved on; the page needs a fresh start.